AoeStats
← sr don dr

Arabia

508775458Analyzed
2v2 RM · 7d ago on Sep 24, 2026· 28m 22s· 4 players
Game mode
Random Map
Map size
Medium (4 player)
Population
200
Speed
Normal
Resources
Standard
Victory
Conquest
Starting age
Dark Age
Ending age
Imperial Age
RankedLock teamsTeams togetherTeam positionsShared explorationLock speedFull tech treeHidden civsTurbo modeCheats
Victory
Defeat
🇦🇷 Magyars · Argentina
960
+16
🇦🇷 Maya · Argentina
957
+15
🇧🇷 Vietnamese · Brazil
963
-37
🇨🇴 Magyars · Colombia
941
-38
rsegoviab
8:47 Loom
10:53 Feudal Age
11:50 Double-Bit Axe
23:07 Castle Age
21:31 Fletching
21:40 Gold Mining
22:24 Horse Collar
23:04 Padded Archer Armor
23:14 Crossbowman
23:24 Elite Skirmisher
26:01 Heavy Plow
sr don dr
11:31 Feudal Age
12:20 Double-Bit Axe
13:16 Gold Mining
28:42 Scale Barding Armor
Javiscript
5:32 Loom
10:07 Feudal Age
16:18 Horse Collar
16:25 Double-Bit Axe
22:35 Castle Age
21:07 Fletching
21:27 Padded Archer Armor
22:46 Scale Barding Armor
22:55 Bloodlines
23:24 Husbandry
28:04 Gold Mining
DamyCoby
0:30 Loom
10:39 Feudal Age
12:08 Double-Bit Axe
14:27 Fletching
15:39 Scale Mail Armor
21:26 Castle Age
21:07 Padded Archer Armor
21:25 Gold Mining
21:50 Crossbowman
22:39 Bodkin Arrow
23:35 Squires
24:14 Elite Skirmisher
27:29 Bow Saw
29:06 Leather Archer Armor
29:06 Chain Mail Armor
Connection lost

Rejoining the realm…

Still unreachable

The connection could not be restored.

Session expired

The server has moved on; the page needs a fresh start.